montu, chaotic male human Wizard --- --- --- ----.--- --.-- ----..---......--- |...| --- ------- |...|..|.........| ---- ---..| ---.-- |..|..---..-- -..........---..| |....------|....| --..........|---...............-- |.....||..--...-- --- |.......--.--|..................| |....--|......-- --.--|.....------ |..)......|........| |.---- |......---- ----...|--....| --.^....--|.-----.-- ---- |.| --...<....-- |.....-- |....------ --....-- |.| |.| |..| |.|------.........| --......------..--..| |....| |.| |.| --..| |.|-.--...........- |........| --.^...-- --...| |.| |.----...| |.|...........---..| --.......--- |......| ----- |.| |.......-- |.|...........| --- |.........-- ----...-- ---|.| ---.....| --.^.....*....-- |..--.....>-----|....-- --..|.| --....| --.............| -----....@...--.|.....| --...|.| ---..------- |..........|...| --.................-- |......--- ---.....--.-------........---..- |..|......|........------.--.|...| |................[......--- |... |.----..----.......[......|----..| |...---......-----[..%.-- --..| --- |..| |..|..---------- |..| --.-- --.--.-- ---.--- ---- ---- ------- ---- --- ------ --- montu the Thaumaturge Experience level: 6 Strength: 11 Dexterity: 11 Constitution: 16 Intelligence: 18 Wisdom: 11 Charisma: 10 Health: 4(64) Energy: 51(51) Def: 2 Gold: 184 Moves: 3852 Dungeon seed: WnmkrVlQoR4gSKjJ Game ID: montu_1683714212 Your Inventory: Coins $ - 184 gold pieces Weapons a - a blessed +1 quarterstaff (weapon in hands) A - 3 uncursed +0 daggers E - 10 uncursed +0 arrows of lightning F - an uncursed +0 bow M - 9 cursed poisoned -1 orcish arrows O - 10 uncursed poisoned +0 orcish arrows T - an uncursed +0 orcish bow U - an uncursed +0 orcish bow W - 12 blessed poisoned +2 orcish arrows X - 4 uncursed poisoned +1 orcish arrows Armor e - an uncursed +0 cloak of magic resistance (being worn) q - an uncursed +0 dwarvish cloak r - an uncursed +0 pair of water walking boots (being worn) y - an uncursed +0 helm of opposite alignment z - an uncursed +0 cloak of magic resistance N - an uncursed -2 pair of jumping boots V - an uncursed +0 Uruk-hai shield of clairvoyance Comestibles B - 2 uncursed tripe rations Scrolls i - an uncursed scroll of fire j - an uncursed scroll of blank paper p - an uncursed scroll of summoning H - a blessed scroll of gold detection K - a cursed scroll of light Spellbooks s - a cursed spellbook of jumping t - a cursed spellbook of invisibility u - a cursed spellbook of levitation Potions f - a cursed potion of object detection Rings k - a cursed ring of aggravate monster Wands b - an uncursed wand of striking (0:4) c - a cursed wand of light (0:11) d - a cursed wand of slow monster (0:0) g - a cursed wand of digging (0:5) l - an uncursed wand of summoning (0:0) m - a cursed wand of striking (0:1) L - an uncursed wand of magic missile (0:2) Tools h - an uncursed blindfold v - 8 cursed tallow candles (0:200) x - 4 uncursed tallow candles (0:200) C - 2 cursed wax candles (0:400) D - an uncursed skeleton key I - an uncursed credit card P - a cursed oil lamp (lit) (0:126) R - a cursed mirror Z - an uncursed blindfold Gems n - 2 uncursed amber stones w - an uncursed dilithium crystal G - 2 uncursed worthless pieces of green glass J - a cursed worthless piece of green glass Q - 2 uncursed emeralds S - 2 cursed worthless pieces of blue glass Y - an uncursed jasper stone Spells and supernatural/magical abilities: Name Level Category Cost Memory a - force bolt 1 attack 8pw 94% h - healing 1 healing 12pw 99% l - light 1 divination 12pw 94% m - magic missile 2 attack 16pw 94% r - remove curse 3 clerical 37pw 94% W - pray for help -- divine ? -- Your skills at the end: Fighting Skills wands [Basic] Weapon Skills quarterstaff [Skilled] Spellcasting Skills attack spells [Basic] enchantment spells [Basic] Final Attributes: You were devoutly aligned. You were magic resistant. You were telepathic. You could walk on water. You last prayed 318 turns ago. Anhur was noncommittal. You are dead. Vanquished creatures: a ghost a large mimic a gnome king a gnome mummy 3 Uruk-hai a rock piercer a pony a yellow light a shrieker a gnome lord a golden naga hatchling a guardian naga hatchling 2 elf zombies a ghoul 3 giant ants a floating eye 2 dwarves a giant bat an orc zombie an iguana an acid blob 2 coyotes 5 hobbits 7 manes a large kobold 2 cave spiders a yellow mold a red mold 8 gnomes a gnome zombie 3 geckos 5 jackals 2 foxes 2 kobolds 2 goblins a sewer rat 4 grid bugs 3 lichens a kobold zombie 8 newts 86 creatures vanquished. Voluntary challenges: You used a wielded weapon 133 times, starting on turn 149. You read items or engraved 13 times, starting on turn 948. You never genocided any monsters. You never polymorphed an object. You never changed form. You used no wishes. You never split a pudding. You wrote Elbereth's name 8 times, starting on turn 950. You violated your moral code, losing 30 points of alignment, starting on turn 3180. Dungeon overview: The Dungeons of Doom: levels 1 to 4 Level 1 a long staircase Level 2 an armor shop Level 3 stairs to The Gnomish Mines Level 4 an altar to Ptah The Gnomish Mines: levels 4 to 5 Level 4 stairs to The Dungeons of Doom Level 5 <- You were here History has recorded: On T:1 you entered the Dungeons of Doom to retrieve the Amulet of Yendor! On T:466 you reached level 2 of The Dungeons of Doom. On T:883 you advanced to experience level 2. On T:972 you advanced to experience level 3. On T:1143 you advanced to experience level 4. On T:1270 you reached level 3 of The Dungeons of Doom. On T:1667 you reached level 4 of The Dungeons of Doom. On T:2198 you advanced to experience level 5. On T:2516 you reached level 1 of The Gnomish Mines. On T:2743 you advanced to experience level 6. On T:3061 you reached level 2 of The Gnomish Mines. Score breakdown: Gold: 184 ( 7712 points) Experience: 6 levels (12456 points) Exploration: 5 levels ( 10.20%) ( 8660 points) Discoveries: 10 items ( 3.36%) ( 5495 points) Valuables value: (no points given unless you survive) Artifact value: 0 ( 0 points) Variety of kills: 40 monsters ( 10.53%) ( 9733 points) Turncount: 3852 turns ( -969 points) Survival: died (score multiplied by 80%) Total score: 34469 Latest messages: The elf zombie hits! Your zombification disease builds up. You hit the elf zombie! The elf zombie hits! Your zombification disease builds up. The elf zombie hits! Your zombification disease builds up critically! [2 turns] The force bolt hits the elf zombie! The elf zombie is destroyed! [2 turns] (3x) Where do you want to travel to? You stop travelling. The leprechaun hits! Your purse feels lighter. [2 turns] Your lamp flickers. [2 turns] You see here a hooded cloak. [2 turns] (5x) You turn into a zombie... Your body rises from the dead as a human zombie... Final status: Goodbye montu the Wizard, zombified by an elf zombie... You turned into a zombie in The Gnomish Mines on dungeon level 5 with 34469 points, and 184 pieces of gold, after 3852 moves. You were level 6 with a maximum of 64 hit points when you turned into a zombie.